 Dungeon Crawl Stone Soup version 0.29-a0-834-g1e95ca9f62 (webtiles) character file.

Game seed: 16663154980241769641

2 blackman the Charlatan (level 1, -2/15 HPs)
             Began as a Demonspawn Artificer on July 12, 2022.
             Slain by a jackal (3 damage)
             ... on level 1 of the Dungeon.
             The game lasted 00:00:34 (506 turns).

blackman the Charlatan (Demonspawn Artificer)        Turns: 506, Time: 00:00:35

Health: -2/15      AC:  3    Str: 12    XL:     1   Next: 25%
Magic:  1/1        EV: 11    Int: 12    God:
Gold:   23         SH:  0    Dex: 13    Spells: 0/0 levels left

rFire   . . .      SeeInvis .   a - +0 club
rCold   . . .      Faith    .   (no shield)
rNeg    . . .      Spirit   .   b - +0 leather armour
rPois   .          Reflect  .   (no helmet)
rElec   .          Harm     .   (no cloak)
rCorr   .          Rampage  .   (no gloves)
Will    .....                   (no boots)
Stlth   +.........              (no amulet)
HPRegen 0.05/turn               (no ring)
MPRegen 0.07/turn               (no ring)

@: no status effects
A: no striking features
a: no special abilities


You were on level 1 of the Dungeon.
You visited 1 branch of the dungeon, and saw 1 of its levels.

You collected 23 gold pieces.

Inventory:

Hand Weapons
 a - a +0 club (weapon)
Missiles
 i - a throwing net
Armour
 b - a +0 leather armour (worn)
Wands
 c - a wand of flame (13) (quivered)
 d - a wand of charming (13)
 e - a wand of iceblast (9)
Scrolls
 f - a scroll of identify {unknown}
 h - a scroll of poison {unknown}
Potions
 g - 2 potions of mutation {unknown}


   Skills:
 - Level 1.0 Fighting
 - Level 1.7 Armour
 - Level 0.8 Dodging
 - Level 0.8 Stealth
 + Level 3.1 Evocations


You couldn't memorise any spells.
You didn't know any spells.
Your spell library contained the following spells:

 Spells                   Type           Power      Damage    Failure   Level
 Apportation              Tloc           0%         N/A       38%         1
 Necrotise                Necr           0%         1d4       38%         1
 Summon Small Mammal      Summ           0%         N/A       38%         1


Dungeon Overview and Level Annotations

Branches:
Dungeon (1/15)

Altars:


Message History

A jackal is nearby!
A jackal is nearby!
A jackal is nearby!
A jackal is nearby!
A jackal is nearby!
A jackal comes into view.
There are monsters nearby!
There are monsters nearby!
A jackal comes into view.
The jackal barks!
A jackal comes into view.
The jackal barks!
The jackal bites you.
You barely miss the jackal. You closely miss the jackal. The jackal misses you.
The jackal barely misses you. x2; The jackal misses you.
You hit the jackal.
The jackal is lightly wounded.
The jackal bites you.
The jackal bites you but does no damage.
The jackal barely misses you. The jackal closely misses you.
The jackal bites you. The jackal barely misses you.
You barely miss the jackal. The jackal barely misses you.
The jackal closely misses you. x2; The jackal barely misses you. x3
You hit the jackal but do no damage. The jackal closely misses you.
The jackal bites you.
The jackal bites you but does no damage.
The jackal closely misses you. The jackal bites you.
The jackal barely misses you.
The jackal bites you but does no damage. x2
You barely miss the jackal. The jackal barely misses you.
The jackal closely misses you. x3; The jackal barely misses you. x3
The jackal misses you.
You hit the jackal but do no damage. The jackal bites you.
The jackal barely misses you. The jackal bites you. x2
* * * LOW HITPOINT WARNING * * *
The jackal bites you.
* * * LOW HITPOINT WARNING * * *
The jackal bites you.
You die...

###...............###........
.......>......## #..<..#..
.#.##.#.....#..###........
#.#.....#....#......#. #
#.....##.........###
#......##.....⌠..#
#......#####.....#
.#..#.h.......########
......h@...##.# ......hh...#
# ..............#
...........#..#
......#....#..# ...........#
.# ............ #
.............


You could see 4 jackals.

Vanquished Creatures
  A hobgoblin (D:1)
  A bat (D:1)
2 creatures vanquished.

Vanquished Creatures (others)
  2 ball pythons (D:1)
2 creatures vanquished.

Grand Total: 4 creatures vanquished

Notes
Turn   | Place    | Note
-------+----------+-------------------------------------------
     0 | D:1      | blackman the Demonspawn Artificer began the quest for the
                  | Orb.
     0 | D:1      | Reached XP level 1. HP: 15/15 MP: 1/1
   506 | D:1      | Slain by a jackal

Illustrated notes

Levels and vault maps discovered:
D:1:      dpeg_arrival_arbitrary_c, layout_basic,
          shapermc_ecumenical_altar_notcrosses, minmay_misc_feat_room,
          minmay_hexomino_u4

Action                   || total
-------------------------++-------
Melee: Club              ||    11
Evoke: Wand              ||     4
 Stab: Sleeping          ||     1
Armor: Leather armour    ||    13
Dodge: Dodged            ||    34

Table legend: (Time is in decaauts)
 A = Elapsed time spent in this place.
 B = Non-inter-level travel time spent in this place.
 C = Inter-level travel time spent in this place.
 D = Time resting spent in this place.
 E = Time spent auto-exploring this place.
 F = Levels seen in this place.
 G = Mean time per level.
                   A        B        C        D        E       F      G
               +--------+--------+--------+--------+--------+-----+--------+
         Total |    509 |    501 |      8 |      0 |    458 |   1 |  509.0 |
       Dungeon |    509 |    501 |      8 |      0 |    458 |   1 |  509.0 |
               +--------+--------+--------+--------+--------+-----+--------+

Top non-repeatable levels by time:
     D:1: 509 daAuts
